 Dungeon Crawl Stone Soup version 0.31-a0-740-g87205ac768 (webtiles) character file.

Game seed: 3264343035526468469

118 GigaChad the Poker (level 5, -3/42 HPs)
             Began as a Human Monk on Sept 12, 2023.
             Was a Believer of Wu Jian.
             Slain by an iguana (13 damage)
             ... on level 4 of the Dungeon.
             The game lasted 00:03:57 (2460 turns).

GigaChad the Poker (Human Monk)                     Turns: 2460, Time: 00:03:59

Health: -3/42      AC:  2    Str: 13    XL:     5   Next: 23%
Magic:  5/5        EV: 13    Int: 10    God:    Wu Jian [**....]
Gold:   151        SH:  0    Dex: 16    Spells: 4/4 levels left

rFire   . . .        a - +0 spear
rCold   . . .        d - orb {light}
rNeg    . . .        b - +0 robe
rPois   .            (no helmet)
rElec   .            (no cloak)
rCorr   .            (no gloves)
SInv    .            (no boots)
Will    .....        (no amulet)
Stlth   +            (no ring)
HPRegen 0.27/turn    (no ring)
MPRegen 0.09/turn

%: no passive effects
@: glowing
A: no striking features
a: Renounce Religion, Wall Jump


You were on level 4 of the Dungeon.
You worshipped Wu Jian.
Wu Jian was pleased with you.
You visited 1 branch of the dungeon, and saw 4 of its levels.

You collected 151 gold pieces.

Inventory:

Hand Weapons
 a - a +0 spear (weapon)
Armour
 b - a +0 robe (worn)
 d - an orb of light (worn)
Jewellery
 g - a ring of magical power
 j - a +6 ring of intelligence
 q - an amulet of magic regeneration
 s - a ring of willpower
Scrolls
 e - a scroll of revelation
 f - 4 scrolls of identify
 k - 3 scrolls of vulnerability {unknown}
 l - a scroll of silence {unknown}
 r - a scroll of amnesia {unknown}
 t - a scroll of enchant weapon {unknown}
 u - a scroll of poison {unknown}
Potions
 c - a potion of ambrosia
 h - a potion of invisibility {unknown}
 i - a potion of brilliance {unknown}
 m - 2 potions of curing {unknown}
 n - a potion of degeneration {unknown}
 o - a potion of mutation {unknown}
 p - a potion of heal wounds {unknown}
 v - a potion of might {unknown}


   Skills:
 * Level 3.7 Fighting
 * Level 4.1 Polearms
 * Level 0.9 Armour
 * Level 3.7 Dodging
 * Level 1.1 Stealth


You had 4 spell levels left.
You didn't know any spells.
Your spell library contained the following spells:

 Spells                   Type           Power      Damage    Failure   Level
 Summon Small Mammal      Summ           0%         N/A       36%         1
 Call Canine Familiar     Summ           0%         N/A       75%         3
 Inner Flame              Hex/Fire       0%         N/A       75%         3
 Summon Guardian Golem    Hex/Summ       0%         N/A       75%         3
 Yara's Violent Unravell  Hex/Tmut       0%         3d3       100%        5
 Enfeeble                 Hex            0%         N/A       100%        7


Dungeon Overview and Level Annotations

Branches:
Dungeon (4/15)
 Temple: D:4-7

Altars:
Fedhas
Wu Jian
Xom

Shops:
D:3 ?


Message History

The ufetubus barely misses you.
The ufetubus hits you but does no damage.
The iguana bites you.
You hit the iguana.
The iguana is heavily wounded.
The ufetubus hits you. The ufetubus barely misses you.
The iguana closely misses you. The ufetubus closely misses you. x2
You hit the iguana.
The iguana is severely wounded.
The ufetubus hits you. x2; The iguana bites you!
* * * LOW HITPOINT WARNING * * *
You are too injured to fight recklessly!
You are too injured to fight recklessly!
You are too injured to fight recklessly!
You are too injured to fight recklessly!
You are too injured to fight recklessly!
You are too injured to fight recklessly!
You are too injured to fight recklessly!
You are too injured to fight recklessly!
You are too injured to fight recklessly!
You are too injured to fight recklessly!
You are too injured to fight recklessly!
You are too injured to fight recklessly!
Unknown command.
You are too injured to fight recklessly!
Unknown command.
Unknown command.
You are too injured to fight recklessly!
You are too injured to fight recklessly!
The ufetubus hits you.
* * * LOW HITPOINT WARNING * * *
The ufetubus barely misses you.
You spin and attack the ufetubus.
You closely miss the ufetubus.
You spin and attack the iguana.
You barely miss the iguana.
The iguana is severely wounded.
The ufetubus hits you.
* * * LOW HITPOINT WARNING * * *
The ufetubus hits you but does no damage.
The iguana bites you!
You die...

....... .......
........ ........
# .......# .#
#....####..#..
#...........#.
#.....5.P.P...
.###....@l.f_....
.......<...P.P...
..............?..
.................
.#...............
.................
..........[......
.$..............
...............


You could see a sleepcap, an iguana and an ufetubus.

Vanquished Creatures
  Jessica (D:3)
  An adder (D:2)
  A worm (D:2)
  3 dart slugs
  2 bats
  8 endoplasms
  3 giant cockroaches
  5 hobgoblins
  13 jackals
  9 kobolds
  3 quokkas
  A ball python (D:1)
  3 frilled lizards (D:1)
  6 goblins
  4 rats
63 creatures vanquished.

Notes
Turn   | Place    | Note
-------+----------+-------------------------------------------
     0 | D:1      | GigaChad the Human Monk began the quest for the Orb.
     0 | D:1      | Reached XP level 1. HP: 18/18 MP: 1/1
   115 | D:1      | Reached XP level 2. HP: 24/24 MP: 2/2
   240 | D:1      | Found a faded altar of an unknown god.
   280 | D:1      | Reached XP level 3. HP: 26/29 MP: 3/3
   994 | D:2      | Reached XP level 4. HP: 35/35 MP: 4/4
  1252 | D:2      | Found an ornate altar of the Wu Jian Council.
  1263 | D:2      | Became a worshipper of the Wu Jian Council
  1263 | D:2      | Reached * piety under Wu Jian
  1263 | D:2      | Reached ** piety under Wu Jian
  1323 | D:2      | Reached skill level 1 in Stealth
  1727 | D:3      | Found a shimmering altar of Xom.
  1843 | D:3      | Found Xuiliwir's Magic Scroll Emporium.
  1846 | D:3      | Noticed Jessica
  1861 | D:3      | Killed Jessica
  1862 | D:3      | Reached skill level 4 in Polearms
  1862 | D:3      | Reached XP level 5. HP: 35/42 MP: 5/5
  2449 | D:4      | Found a blossoming altar of Fedhas.
  2460 | D:4      | Slain by an iguana

Illustrated notes

Levels and vault maps discovered:
D:1:      dpeg_arrival_rhombus, layout_loops_cross,
          hellmonk_ecumenical_altar_arch_garden
D:2:      layout_loops_corners, basic_altar
D:3:      layout_loops_ring, lemuel_round_altar, serial_shops, shop,
          uniq_jessica
D:4:      layout_cave_pools, nicolae_wu_jian_wuxing_cycle,
          nicolae_overflow_hidden_temple, fedhas_altar_1, gammafunk_ghost_smash,
          minmay_fractal_squares_diagonal_5, uniq_pikel,
          uniq_crazy_yiuf_cottage, uniq_duvessa

Skill      XL: |  1  2  3  4 |
---------------+-------------+-----
Stealth        | 1 |  1.1
Polearms       | 4 |  4.1
Fighting       | |  3.7
Armour         | |  0.9
Dodging        | |  3.7

Action                     |  1- 3 |  4- 6 || total
---------------------------+-------+-------++-------
  Melee: Spear             |   134 |   113 ||   247
Ability: Whirlwind         |       |     2 ||     2
    Use: Scroll            |     1 |       ||     1
 Armour: Robe              |    49 |    40 ||    89
  Dodge: Dodged            |    83 |    41 ||   124

Table legend: (Time is in decaauts)
 A = Elapsed time spent in this place.
 B = Non-inter-level travel time spent in this place.
 C = Inter-level travel time spent in this place.
 D = Time resting spent in this place.
 E = Time spent auto-exploring this place.
 F = Levels seen in this place.
 G = Mean time per level.
                   A        B        C        D        E       F      G
               +--------+--------+--------+--------+--------+-----+--------+
         Total |   2441 |   2350 |     91 |      0 |   1935 |   4 |  610.2 |
       Dungeon |   2441 |   2350 |     91 |      0 |   1935 |   4 |  610.2 |
               +--------+--------+--------+--------+--------+-----+--------+

Top non-repeatable levels by time:
     D:2: 955 daAuts
     D:1: 759 daAuts
     D:3: 716 daAuts
     D:4: 10 daAuts
